 Dungeon Crawl Stone Soup version 0.20.1-1-g8b1a95d (webtiles) character file.

439 vineage the Chiller (level 6, -7/52 HPs)
             Began as a Draconian Ice Elementalist on Oct 21, 2017.
             Mangled by an ogre
             ... wielding a +0 giant club
              (19 damage)
             ... on level 4 of the Dungeon.
             The game lasted 00:09:47 (4282 turns).

vineage the Chiller (Draconian Ice Elementalist)    Turns: 4282, Time: 00:09:48

Health: -7/52      AC:  7    Str: 10    XL:     6   Next: 70%
Magic:  6/13       EV: 12    Int: 17    God:
Gold:   173        SH:  0    Dex: 12    Spells: 13/14 levels left

rFire    . . .     SeeInvis .   (no weapon)
rCold    + . .     Gourm    .   (no shield)
rNeg     . . .     Faith    .   (armour unavailable)
rPois    .         Spirit   .   (helmet restricted)
rElec    .         Reflect  .   (no cloak)
rCorr    .         Harm     .   k - +0 pair of gloves
MR       .....                  (no boots)
Stlth    ++........             (no amulet)
Regen    0.2/turn               (no ring)
MPRegen  0.2/turn               (no ring)

@: no status effects
A: unfitting armour, cold resistance 1, robust 1, screaming 1, cold-blooded,
subdued magic 1, AC +6
a: no special abilities


You were on level 4 of the Dungeon.
You were not hungry.

You visited 1 branch of the dungeon, and saw 4 of its levels.

You collected 173 gold pieces.

Inventory:

Armour
 k - a +0 pair of gloves (worn)
Scrolls
 e - a scroll of remove curse {unknown}
 g - 4 scrolls of random uselessness {unknown}
 i - 2 scrolls of immolation {unknown}
 j - a scroll of fear {unknown}
 l - a scroll of enchant weapon {unknown}
 p - a scroll of teleportation {unknown}
Potions
 c - 2 potions of curing
 f - a potion of brilliance {unknown}
 h - 2 potions of berserk rage
 m - a potion of heal wounds
 n - a potion of agility {unknown}
 o - a potion of ambrosia {unknown}
 q - a potion of might
Books
 a - a book of Frost

   Spells                             Type                      Level
   a - Freeze                         Ice                          1
   b - Throw Frost                    Conjuration/Ice              2
   c - Ozocubu's Armour               Charms/Ice                   3
   d - Throw Icicle                   Conjuration/Ice              4
   e - Summon Ice Beast               Ice/Summoning                4
Comestibles
 b - 5 bread rations
 d - a chunk of flesh
 s - a meat ration
 t - 4 fruits


   Skills:
 + Level 2.1 Fighting
 - Level 1.9 Dodging
 - Level 1.7 Stealth
 + Level 4.8 Spellcasting
   Level 1.0 Conjurations
 + Level 5.3 Ice Magic


You had 13 spell levels left.
You knew the following spells:

 Your Spells              Type           Power        Failure   Level  Hunger
a - Freeze                Ice            ###.         1%          1    None


Dungeon Overview and Level Annotations

Branches:
Dungeon (4/15)
 Temple: D:4-7

Altars:
Ashenzari
Elyvilon
Okawaru
Qazlal


Innate Abilities, Weirdness & Mutations

Your plain brown scales are hard. (AC +6)
You cannot fit into any form of body armour.
You are cold-blooded and may be slowed by cold attacks.
Your flesh is cold resistant. (rC+)
You are robust. (+10% HP)
You occasionally shout uncontrollably at your foes.
Your spells are a little easier to cast, but a little less powerful.


Message History

Casting: Freeze
Confirm with . or Enter, or press ? or * to list all spells.
Aiming: Freeze
Press: ? - help, Shift-Dir - straight line, f/p - ogre
Aim: an ogre, wielding a giant club (heavily wounded)
You freeze the ogre.
The ogre is almost dead.
The ogre closely misses you.
The jackal bites you but does no damage.
You shout at the jackal!
A jackal comes into view.
Casting: Freeze
Confirm with . or Enter, or press ? or * to list all spells.
Aiming: Freeze
Press: ? - help, Shift-Dir - straight line, f/p - ogre
Aim: an ogre, wielding a giant club (almost dead)
You freeze the ogre.
The ogre is almost dead.
The ogre hits you with a giant club!!
You die...

...........>...
#......#.##.###O
#......#.##.# ..
#......#.##.# .
#.?.....o...#
#....#...# #
#...<..h.###...
#..#..Ohh......
#.....h@.......
#..#..####.....
+.....# .#..
#...... ...
#..#### .. #.. #
#..


You could see an ogre, an orc priest and 4 jackals.

Vanquished Creatures
  A howler monkey (D:3)
  2 orc wizards (D:3)
  An iguana (D:3)
  3 worker ants (D:3)
  A hound skeleton (D:4)
  Robin (D:2)
  7 gnolls
  3 adders
  3 oozes
  4 worms
  A dart slug (D:2)
  2 leopard geckos (D:3)
  5 orcs
  A ball python (D:1)
  3 giant cockroaches
  13 goblins
  9 hobgoblins
  11 jackals
  12 bats
  4 frilled lizards
  7 kobolds
  5 rats
99 creatures vanquished.

Notes
Turn   | Place    | Note
-------+----------+-------------------------------------------
     0 | D:1      | vineage the Draconian Ice Elementalist began the quest for the Orb.
     0 | D:1      | Reached XP level 1. HP: 14/14 MP: 3/3
   165 | D:1      | Reached XP level 2. HP: 18/20 MP: 0/5
   701 | D:1      | Reached XP level 3. HP: 26/26 MP: 4/6
   718 | D:2      | Found a white marble altar of Elyvilon.
   886 | D:2      | Found a shattered altar of Ashenzari.
   998 | D:2      | Reached skill level 4 in Ice Magic
  1022 | D:2      | Reached XP level 4. HP: 25/34 MP: 2/8
  1025 | D:2      | Noticed Robin
  1363 | D:2      | Killed Robin
  1392 | D:2      | Found an iron altar of Okawaru.
  1458 | D:2      | Reached skill level 1 in Fighting
  2272 | D:3      | Reached XP level 5. HP: 39/40 MP: 6/10
  2409 | D:3      | Found a stormy altar of Qazlal.
  2424 | D:3      | Found a faded altar of an unknown god.
  3636 | D:3      | Reached XP level 6. HP: 37/48 MP: 4/12
  3737 | D:3      | Gained mutation: Your spells are a little easier to cast, but a little less powerful. [potion of mutation]
  3737 | D:3      | Gained mutation: You occasionally shout uncontrollably at your foes. [potion of mutation]
  3737 | D:3      | Gained mutation: Your flesh is cold resistant. (rC+) [potion of mutation]
  3737 | D:3      | Gained mutation: You are robust. (+10% HP) [potion of mutation]
  3846 | D:3      | Reached skill level 5 in Ice Magic
  4282 | D:4      | Mangled by an ogre

Skill      XL: |  1  2  3  4  5  6 |
---------------+-------------------+-----
Ice Magic      | 4 5 |  5.3
Spellcasting   | 3 4 |  4.8
Fighting       | 1 2 |  2.1
Dodging        | |  1.9
Stealth        | |  1.7
Conjurations   | |  1.0

Action                   |  1- 3 |  4- 6 || total
-------------------------+-------+-------++-------
Melee: Unarmed           |    89 |   315 ||   404
       Tailslap          |    13 |    25 ||    38
 Cast: Freeze            |    36 |   110 ||   146
  Use: Scroll            |     3 |     4 ||     7
       Potion            |       |     2 ||     2
 Stab: Sleeping          |     1 |     1 ||     2
  Eat: Bread ration      |       |     1 ||     1
       Chunk             |       |     7 ||     7
Armor: Skin              |    50 |   204 ||   254
Dodge: Dodged            |    88 |   350 ||   438
